 Dungeon Crawl Stone Soup version 0.31-a0-188-g5e087ee2ca (webtiles) character file.

Game seed: 10888277837992776000

78 qw the Shooter (level 4, -5/25 HPs)
             Began as a Deep Elf Hunter on June 23, 2023.
             Slain by Terence
             ... wielding a +0 trident
              (9 damage)
             ... on level 2 of the Dungeon.
             The game lasted 00:00:24 (1365 turns).

qw the Shooter (Deep Elf Hunter)                    Turns: 1365, Time: 00:00:25

Health: -5/25      AC:  6    Str: 10    XL:     4   Next: 15%
Magic:  6/6        EV: 11    Int: 14    God:
Gold:   145        SH:  0    Dex: 18    Spells: 3/3 levels left

rFire   . . .        Y - +0 shortbow
rCold   . . .        (shield currently unavailable)
rNeg    . . .        h - +0 ring mail
rPois   .            (no helmet)
rElec   .            d - +0 cloak
rCorr   .            (no gloves)
SInv    .            (no boots)
Will    .....        (no amulet)
Stlth   +            (no ring)
HPRegen 0.24/turn    (no ring)
MPRegen 0.10/turn

%: no passive effects
@: no status effects
A: no striking features
a: no special abilities


You were on level 2 of the Dungeon.
You visited 1 branch of the dungeon, and saw 2 of its levels.

You collected 145 gold pieces.


   Skills:
 - Level 1.5 Fighting
 + Level 7.6 Ranged Weapons
 - Level 2.4 Dodging
 - Level 1.2 Stealth


You had 3 spell levels left.
You didn't know any spells.
Your spell library was empty.

Inventory:

Hand Weapons
 Y - a +0 shortbow (weapon)
Armour
 d - a +0 cloak (worn)
 h - a +0 ring mail (worn)
Jewellery
 c - an amulet of regeneration
Scrolls
 a - a scroll of vulnerability {unknown}
 b - a scroll of amnesia {unknown}
Potions
 g - a potion of brilliance {unknown}

Dungeon Overview and Level Annotations

Branches:
Dungeon (2/15)

Altars:

Annotations:
D:2 Terence


Message History

Terence hits you from afar with a +0 trident!
Terence hits you from afar with a +0 trident.
Enter note:
Enter note:
Enter note:
Enter note:
1355 ||| UPGRADING to +0 cloak.
Terence barely misses you.
You start putting on your armour.
You continue putting on your +0 cloak.
Terence closely misses you.
You continue putting on your +0 cloak.
Terence hits you from afar with a +0 trident.
Keep equipping yourself?
You continue putting on your +0 cloak.
Terence hits you from afar with a +0 trident.
You continue putting on your +0 cloak.
Terence misses you.
You finish putting on your +0 cloak.
Enter note:
Enter note:
Enter note:
Enter note:
Enter note:
Enter note:
Enter note:
Enter note:
1361 ||| UPGRADING to amulet of regeneration.
You start putting on your amulet.
You continue putting on your amulet of regeneration.
Terence hits you from afar with a +0 trident.
Keep equipping yourself?
You continue putting on your amulet of regeneration.
Terence hits you but does no damage.
You continue putting on your amulet of regeneration.
Terence closely misses you.
You continue putting on your amulet of regeneration.
Terence hits you from afar with a +0 trident.
You continue putting on your amulet of regeneration.
Terence hits you from afar with a +0 trident!
You die...

##...##.###.#
#...##.# #.# ...
...# #.# # ..
...# #.# .# .. .
....# #.## .# ..
..#### #..# #.#
#. ... ##.# ..#
###.##@###.#
#...@......#
......#.##.#####
#######.# .# #.#
.# #.# .# #.# .#
#.# .# ..# #.


You could see Terence.

Vanquished Creatures
  Natasha (D:2)
  An adder (D:2)
  A worm (D:2)
  3 dart slugs
  6 endoplasms
  2 giant cockroaches (D:1)
  4 goblins (D:1)
  2 hobgoblins (D:1)
  5 ball pythons (D:1)
  4 bats
  A frilled lizard (D:2)
  A kobold (D:2)
  4 rats
35 creatures vanquished.

Notes
Turn   | Place    | Note
-------+----------+-------------------------------------------
     0 | D:1      | qw the Deep Elf Hunter began the quest for the Orb.
     0 | D:1      | Reached XP level 1. HP: 12/12 MP: 3/3
     0 | D:1      | 0 ||| qw: Version: 0.3-a-9-g12657ce
     0 | D:1      | 0 ||| qw: Game counter: 3440
     0 | D:1      | 0 ||| qw: Always use a shield: true
     0 | D:1      | 0 ||| qw: God list: Okawaru
     0 | D:1      | 0 ||| qw: Allow faded altars: false
     0 | D:1      | 0 ||| qw: Do Orc after D:15 true
     0 | D:1      | 0 ||| qw: Do second Lair branch before Depths: true
     0 | D:1      | 0 ||| qw: Lair rune preference: random
     0 | D:1      | 0 ||| qw: Plans: Normal
     0 | D:1      | 0 ||| PLANNING D:1-11
   149 | D:1      | Reached XP level 2. HP: 16/16 MP: 4/4
   156 | D:1      | Reached skill level 6 in Ranged Weapons
   166 | D:1      | Found a faded altar of an unknown god.
   727 | D:1      | Reached XP level 3. HP: 20/20 MP: 5/5
   887 | D:1      | 887 ||| UPGRADING to +0 ring mail.
   897 | D:1      | 897 ||| DROPPING +0 leather armour.
   898 | D:1      | 898 ||| READING 4 scrolls labelled AHEL QATOT.
   899 | D:1      | 899 ||| READING scroll labelled POTUMEUROWN.
   935 | D:1      | 935 ||| DRINKING 2 murky pink potions.
   973 | D:1      | 973 ||| DROPPING 3 scrolls of fog.
   974 | D:1      | 974 ||| DROPPING scroll of butterflies.
   975 | D:1      | 975 ||| DROPPING potion of lignification.
  1079 | D:2      | Noticed Natasha
  1085 | D:2      | Killed Natasha
  1086 | D:2      | Reached skill level 7 in Ranged Weapons
  1148 | D:2      | Reached XP level 4. HP: 25/25 MP: 6/6
  1352 | D:2      | Noticed Terence
  1355 | D:2      | 1355 ||| UPGRADING to +0 cloak.
  1358 | D:2      | HP: 6/25 [Terence/+0 trident (1)]
  1361 | D:2      | 1361 ||| UPGRADING to amulet of regeneration.
  1364 | D:2      | HP: 4/25 [Terence/+0 trident (1)]
  1365 | D:2      | Slain by Terence

Levels and vault maps discovered:
D:1:      nzn_arrival_depleted_hourglass, layout_basic,
          hellmonk_ecumenical_altar_arch_garden
D:2:      minmay_chambers_of_ones, layout_loops_ring, uniq_terence, uniq_natasha

Skill      XL: |  1  2  3 |
---------------+----------+-----
Ranged Weapons | 6 7 |  7.6
Fighting       | |  1.5
Dodging        | |  2.4
Stealth        | |  1.2

Action                     |  1- 3 |  4- 6 || total
---------------------------+-------+-------++-------
   Fire: Shortbow          |    64 |    15 ||    79
    Use: Scroll            |     2 |       ||     2
         Potion            |     1 |       ||     1
 Armour: Leather armour    |     1 |       ||     1
         Ring mail         |     2 |     3 ||     5
  Dodge: Dodged            |     8 |     5 ||    13

Table legend:
 A = Non-vault XP
 B = Vault XP
 C = Vault XP percentage of total XP
 D = Non-vault monster count
 E = Vault monster count
 F = Vault count percentage of total count
                 A         B        C        D         E       F
            +---------+---------+-------+---------+---------+-------
      Total |      76 |      36 |  32.1 |      34 |       1 |   2.9
            +---------+---------+-------+---------+---------+-------
        D:1 |      42 |       0 |   0.0 |      25 |       0 |   0.0
        D:2 |      34 |      36 |  51.4 |       9 |       1 |  10.0
            +---------+---------+-------+---------+---------+-------
